 Dungeon Crawl Stone Soup version 0.31.0-1-g2c135a008e (webtiles) character file.

Game seed: 6830386285639057654

1186 qw the Shooter (level 8, -4/59 HPs)
             Began as a Djinni Hunter on Jan 23, 2024.
             Slain by an orc
             ... wielding a +0 flail
              (7 damage)
             ... on level 5 of the Dungeon.
             The game lasted 00:00:20 (3742 turns).

qw the Shooter (Djinni Hunter)                      Turns: 3742, Time: 00:00:21

Health: -4/59      AC:  9    Str: 10    XL:     8   Next: 70%
Gold:   224        EV: 12    Int: 12    God:
                   SH:  0    Dex: 18

rFire   + + .        a - +1 shortbow (heavy)
rCold   . . .        (shield currently unavailable)
rNeg    . . .        q - +0 ring mail
rPois   inf          (no helmet)
rElec   .            (no cloak)
rCorr   .            (no gloves)
SInv    .            (boots unavailable)
Will    .....        i - amulet of the acrobat
Stlth   +            Y - ring of protection from cold
HPRegen 0.29/turn    o - +4 ring of protection
MPRegen 0.00/turn

%: acrobat, infuse magic (-5 HP)
@: flying
A: sickness immunity, fire resistance 2, cold vulnerability 1, float, innate
caster, HP casting, extra vitality 1
a: no special abilities


You were on level 5 of the Dungeon.
You visited 1 branch of the dungeon, and saw 5 of its levels.

You collected 224 gold pieces.


Innate Abilities, Weirdness & Mutations

You are immune to sickness and miasma.
You are immune to poison.
Your flesh is very heat resistant. (rF++)
You are vulnerable to cold. (rC-)
You float through the air rather than walking.
You learn spells naturally, not from books.
Your magical power is your life essence.
You have superior vitality. (+4 MHP)


   Skills:
 - Level 5.0 Fighting
 + Level 7.3 Ranged Weapons
 - Level 1.1 Armour
 - Level 4.1 Dodging
 - Level 0.7 Stealth


You knew the following spells:

 Your Spells              Type           Power      Damage    Failure   Level
a - Freeze                Ice            0%         1d3       63%         1
b - Blink                 Tloc           0%         N/A       77%         2
c - Mephitic Cloud        Conj/Alch/Air  0%         N/A       94%         3
Your spell library was empty.

Inventory:

Hand Weapons
 a - a +1 heavy shortbow (weapon)
Armour
 q - a +0 ring mail (worn)
Jewellery
 i - an amulet of the acrobat (around neck)
 m - a ring of fire
 o - a +4 ring of protection (right hand)
 Y - a ring of protection from cold (left hand)
Wands
 p - a wand of roots (11)
Potions
 b - a potion of curing {unknown}
 c - a potion of mutation
 d - 2 potions of enlightenment
 j - a potion of brilliance {unknown}
 n - 2 potions of might
 s - a potion of invisibility {unknown}

Dungeon Overview and Level Annotations

Branches:
Dungeon (5/15)
 Temple: D:4-7

Altars:
Dithmenos
Fedhas
Nemelex Xobeh


Message History

The orc hits you but does no damage.
A scorpion comes into view.
The orc closely misses you.
You shoot an arrow. The arrow hits the scorpion!
The scorpion is heavily wounded.
The scorpion closely misses you. The orc closely misses you.
The scorpion stings you. The orc misses you.
You shoot an arrow. The arrow hits the scorpion.
The scorpion is severely wounded.
The scorpion stings you.
The scorpion stings you but does no damage.
The orc barely misses you.
You shoot an arrow.
The arrow hits the scorpion but does no damage.
The scorpion is severely wounded.
The scorpion stings you. The orc closely misses you.
The scorpion stings you but does no damage.
The orc closely misses you.
You shoot an arrow. The arrow barely misses the scorpion.
The scorpion stings you but does no damage.
The orc barely misses you. The scorpion closely misses you.
The orc hits you with a +0 flail.
You shoot an arrow. The arrow hits the scorpion.
You kill the scorpion!
The orc hits you with a +0 flail.
You shoot an arrow. The arrow barely misses the iguana.
The orc hits you but does no damage.
The iguana bites you but does no damage.
The orc misses you. The iguana misses you.
You shoot an arrow. The arrow hits the iguana!
The iguana is severely wounded.
The orc barely misses you. The iguana completely misses you.
The orc closely misses you.
You shoot an arrow. The arrow barely misses the iguana.
The iguana bites you. The orc hits you but does no damage.
The iguana bites you!
You shoot an arrow. The arrow hits the iguana.
The iguana is severely wounded.
The orc completely misses you. The iguana barely misses you.
The orc hits you with a +0 flail!
You die...

##...## ##!B #...o.#####...
#............. #...%.#####...
##...## .. ##.# #. #. #.####
#. #.lo.# # #.#@.# #.##.## lo
##.## ... #..## .... #...## #
#####... #....# ## ##...##..
##....##########.
##.....#####................
##................#########..


You could see an iguana and an orc.

Vanquished Creatures
  A water moccasin (D:5)
  A black bear (D:4)
  2 ogres (D:5)
  Blork the orc (D:5)
  2 bullfrogs
  2 scorpions (D:5)
  A killer bee (D:5)
  A howler monkey (D:5)
  2 hounds (D:4)
  A jelly (D:5)
  2 iguanas
  2 orc wizards
  13 adders
  2 gnolls (D:5)
  2 dart slugs
  4 ribbon worms
  19 orcs
  6 bats
  2 endoplasms
  3 giant cockroaches (D:3)
  6 goblins
  5 hobgoblins
  4 jackals (D:2)
  3 quokkas
  6 ball pythons
  4 frilled lizards
  11 kobolds
  5 rats
113 creatures vanquished.

Notes
Turn   | Place    | Note
-------+----------+-------------------------------------------
     0 | D:1      | qw the Djinni Hunter began the quest for the Orb.
     0 | D:1      | Reached XP level 1. HP: 18/18 MP: 0/0
     0 | D:1      | 0 ||| qw: Version: 0.3-a-132-g3d54051
     0 | D:1      | 0 ||| qw: Game counter: 620
     0 | D:1      | 0 ||| qw: Melee chars always use a shield: true
     0 | D:1      | 0 ||| qw: God list: Okawaru
     0 | D:1      | 0 ||| qw: Allow faded altars: false
     0 | D:1      | 0 ||| qw: Do Orc after clearing Dungeon:15 true
     0 | D:1      | 0 ||| qw: Do second Lair branch before Depths: true
     0 | D:1      | 0 ||| qw: Lair rune preference: random
     0 | D:1      | 0 ||| qw: Goals: Normal
     0 | D:1      | 0 ||| PLANNING D:1-11
   238 | D:1      | Reached XP level 2. HP: 22/23 MP: 0/0
   754 | D:1      | 754 ||| UPGRADING to amulet of the acrobat.
   759 | D:1      | 759 ||| UPGRADING to ring of protection from cold.
   760 | D:1      | 760 ||| UPGRADING to ring of protection from cold.
   761 | D:1      | 761 ||| READING scroll labelled WAFEDU FYMUSA.
   761 | D:1      | 761 ||| ENCHANTING +0 shortbow.
   762 | D:1      | 762 ||| READING scroll labelled UNURGH SUFREO.
   762 | D:1      | 762 ||| IDENTIFYING sapphire potion
   763 | D:1      | 763 ||| DROPPING scroll of butterflies.
   839 | D:2      | Reached skill level 4 in Ranged Weapons
   839 | D:2      | Reached XP level 3. HP: 28/28 MP: 0/0
   839 | D:2      | Learned a level 1 spell: Freeze
   972 | D:2      | Reached XP level 4. HP: 27/34 MP: 0/0
   979 | D:2      | 979 ||| FLEEEEING.
  1279 | D:2      | 1279 ||| UPGRADING to +0 ring mail.
  1289 | D:2      | 1289 ||| DROPPING +0 leather armour.
  1290 | D:2      | 1290 ||| READING 2 scrolls of identify.
  1290 | D:2      | 1290 ||| IDENTIFYING bubbling cyan potion
  1291 | D:2      | 1291 ||| READING scroll of identify.
  1291 | D:2      | 1291 ||| IDENTIFYING coppery potion
  1292 | D:2      | 1292 ||| READING scroll labelled GEAHUY CUPITEITEGH.
  1292 | D:2      | 1292 ||| ENCHANTING +0 shortbow.
  1293 | D:2      | 1293 ||| READING 2 scrolls labelled HESHRUG PERPHEPN.
  1294 | D:2      | 1294 ||| READING 2 scrolls labelled YCECZI ZYOW.
  1299 | D:2      | 1299 ||| READING scroll labelled KAEWOTTE EKKA.
  1300 | D:2      | 1300 ||| READING 4 scrolls labelled DACWUU GAIG BEI.
  1301 | D:2      | 1301 ||| READING scroll labelled QAASKERCHITZ.
  1302 | D:2      | 1302 ||| DROPPING scroll of summoning.
  1303 | D:2      | 1303 ||| DROPPING 3 scrolls of poison.
  1390 | D:3      | Reached skill level 1 in Armour
  1390 | D:3      | 1390 ||| FLEEEEING.
  1404 | D:3      | 1404 ||| FLEEEEING.
  1524 | D:3      | Reached skill level 3 in Fighting
  1601 | D:3      | Reached XP level 5. HP: 33/40 MP: 0/0
  1601 | D:3      | Learned a level 2 spell: Blink
  1648 | D:3      | 1648 ||| FLEEEEING.
  1708 | D:3      | Found a faded altar of an unknown god.
  1797 | D:3      | Found a blossoming altar of Fedhas.
  1871 | D:3      | 1871 ||| READING scroll of identify.
  1871 | D:3      | 1871 ||| IDENTIFYING bubbling inky potion
  1872 | D:3      | 1872 ||| READING scroll labelled EMAJEUR BIBEIR.
  1873 | D:3      | 1873 ||| READING scroll labelled JOOZUO QIPLERU.
  1873 | D:3      | 1873 ||| BRANDING +1 shortbow.
  1891 | D:4      | Noticed a black bear
  1891 | D:4      | Noticed a bullfrog
  1892 | D:4      | 1892 ||| STAIRDANCE
  1898 | D:4      | 1898 ||| RETREEEEATING.
  1899 | D:4      | 1899 ||| RETREEEEATING.
  1900 | D:4      | 1900 ||| RETREEEEATING.
  1901 | D:4      | 1901 ||| RETREEEEATING.
  1902 | D:4      | 1902 ||| RETREEEEATING.
  1903 | D:4      | 1903 ||| RETREEEEATING.
  1907 | D:4      | HP: 8/40 [bullfrog (3)]
  1908 | D:4      | 1908 ||| READING scroll of teleportation.
  1909 | D:4      | 1909 ||| DRINKING potion of heal wounds.
  1912 | D:4      | 1912 ||| RETREEEEATING.
  1913 | D:4      | 1913 ||| RETREEEEATING.
  1914 | D:4      | 1914 ||| RETREEEEATING.
  1915 | D:4      | 1915 ||| RETREEEEATING.
  1916 | D:4      | 1916 ||| RETREEEEATING.
  1917 | D:4      | 1917 ||| RETREEEEATING.
  1918 | D:4      | 1918 ||| RETREEEEATING.
  1919 | D:4      | 1919 ||| RETREEEEATING.
  1920 | D:4      | HP: 8/40 [black bear (4)]
  1921 | D:4      | Killed a black bear
  1922 | D:4      | Reached skill level 5 in Ranged Weapons
  1922 | D:4      | Reached XP level 6. HP: 4/46 MP: 0/0
  1923 | D:4      | Reached skill level 3 in Dodging
  1985 | D:4      | 1985 ||| FLEEEEING.
  1992 | D:4      | 1992 ||| STAIRDANCE
  2184 | D:4      | Found a shadowy altar of Dithmenos.
  2253 | D:4      | 2253 ||| FLEEEEING.
  2412 | D:4      | Found a sparkling altar of Nemelex Xobeh.
  2512 | D:4      | Reached XP level 7. HP: 50/52 MP: 0/0
  2512 | D:4      | Learned a level 3 spell: Mephitic Cloud
  2617 | D:4      | 2617 ||| FLEEEEING.
  2926 | D:4      | 2926 ||| UPGRADING to +4 ring of protection.
  2928 | D:4      | 2928 ||| DROPPING ring of protection from cold.
  2929 | D:4      | 2929 ||| READING scroll of identify.
  2929 | D:4      | 2929 ||| IDENTIFYING brown potion
  2930 | D:4      | 2930 ||| READING scroll labelled SAIKHAWUED.
  3018 | D:4      | 3018 ||| DRINKING 2 yellow potions.
  3019 | D:4      | 3019 ||| DROPPING potion of magic.
  3020 | D:4      | 3020 ||| DROPPING potion of attraction.
  3024 | D:5      | Entered Level 5 of the Dungeon
  3066 | D:5      | Reached skill level 6 in Ranged Weapons
  3066 | D:5      | 3066 ||| FLEEEEING.
  3132 | D:5      | Noticed Blork the orc
  3134 | D:5      | Identified the +5 plate armour of Youthful Indiscretion
                  | {^Drain rElec Str+2 Slay+5}
  3141 | D:5      | HP: 10/52 [orc/+0 mace (6)]
  3142 | D:5      | 3142 ||| READING 2 scrolls of teleportation.
  3142 | D:5      | HP: 3/52 [Blork the orc/+0 long sword (7)]
  3143 | D:5      | 3143 ||| DRINKING potion of heal wounds.
  3144 | D:5      | Killed Blork the orc
  3147 | D:5      | HP: 12/52 [orc/+0 hand axe (2)]
  3148 | D:5      | 3148 ||| READING scroll of teleportation.
  3371 | D:5      | Noticed a water moccasin
  3380 | D:5      | Killed a water moccasin
  3381 | D:5      | Reached XP level 8. HP: 27/58 MP: 0/0
  3387 | D:5      | Reached skill level 7 in Ranged Weapons
  3577 | D:5      | 3577 ||| FLEEEEING.
  3593 | D:5      | 3593 ||| FLEEEEING.
  3717 | D:5      | 3717 ||| RETREEEEATING.
  3741 | D:5      | HP: 13/59 [iguana (5)]
  3741 | D:5      | HP: 3/59 [iguana (10)]
  3742 | D:5      | Slain by an orc

Levels and vault maps discovered:
D:1:      lemuel_arrival_lava_pool, layout_basic, minmay_cut_off
D:2:      layout_rooms
D:3:      wander_river, layout_rooms, mainiacjoe_overflow_alcove_1,
          shapermc_ecumenical_altar_mp_ritualfount, nicolae_the_louvre
D:4:      layout_loops_cross, mainiacjoe_overflow_boulevard,
          nicolae_vehumet_altar_sigil, mainiacjoe_overflow_six_doors_small,
          minmay_snake_closets
D:5:      minmay_octagon_keep, layout_cave_pods, serial_column_ruins,
          column_ruins_circle_medium, column_ruins_corridor_straight,
          column_ruins_columns_straight, column_ruins_columns_corner,
          column_ruins_columns_straight, chequers_serial_rivers_small_3,
          uniq_blork_the_orc, uniq_edmund

Skill      XL: |  1  2  3  4  5  6  7  8 |
---------------+-------------------------+-----
Ranged Weapons | 4 5 6 7 |  7.3
Armour         | 1 |  1.1
Fighting       | 3 4 5 |  5.0
Dodging        | 3 4 |  4.1
Stealth        | |  0.7

Action                     |  1- 3 |  4- 6 |  7- 9 || total
---------------------------+-------+-------+-------++-------
   Fire: Shortbow          |    80 |   135 |   122 ||   337
    Use: Scroll            |     2 |    12 |     4 ||    18
         Potion            |       |     1 |     2 ||     3
 Armour: Leather armour    |    28 |     7 |       ||    35
         Ring mail         |       |    66 |   108 ||   174
  Dodge: Dodged            |    35 |    95 |    96 ||   226

Table legend:
 A = Non-vault XP
 B = Vault XP
 C = Vault XP percentage of total XP
 D = Non-vault monster count
 E = Vault monster count
 F = Vault count percentage of total count
                 A         B        C        D         E       F
            +---------+---------+-------+---------+---------+-------
      Total |    1303 |     392 |  23.1 |      90 |      23 |  20.4
            +---------+---------+-------+---------+---------+-------
        D:1 |      17 |       9 |  34.6 |      11 |       5 |  31.2
        D:2 |      53 |       0 |   0.0 |      16 |       0 |   0.0
        D:3 |      78 |       0 |   0.0 |      20 |       0 |   0.0
        D:4 |     447 |      85 |  16.0 |      29 |      11 |  27.5
        D:5 |     708 |     298 |  29.6 |      14 |       7 |  33.3
            +---------+---------+-------+---------+---------+-------
